 Dungeon Crawl Stone Soup version 0.24-a0-160-gfa3a8d6 (console) character file.

Game seed: 13016319408866134680

1348 Duffy the Cleaver (level 8, -4/69 HPs)
             Began as a Naga Gladiator on Mar 5, 2019.
             Slain by an orc warrior
             ... wielding a +0 war axe
              (20 damage)
             ... on level 6 of the Dungeon.
             The game lasted 00:05:08 (6018 turns).

Duffy the Cleaver (Naga Gladiator)                  Turns: 6018, Time: 00:05:09

Health: -4/69      AC:  6    Str: 18    XL:     8   Next: 62%
Magic:  8/8        EV: 11    Int: 10    God:
Gold:   399        SH:  5    Dex: 15    Spells: 7/7 levels left

rFire    . . .     SeeInvis +   a - +0 war axe
rCold    . . .     Gourm    .   (no shield)
rNeg     . . .     Faith    .   b - +0 leather armour
rPois    +         Spirit   .   c - +0 helmet
rElec    .         Reflect  +   (no cloak)
rCorr    .         Harm     .   h - +0 pair of gloves {Dex+3}
MR       +....                  (no barding)
Stlth    +.........             v - +5 amulet of reflection
HPRegen  0.21/turn              r - +3 ring of slaying
MPRegen  0.11/turn              (no ring)

@: very slow
A: large, see invisible, deformed body, poison resistance, slowness 2, slow
metabolism 1, spit poison 1, AC +2
a: Spit Poison


You were on level 6 of the Dungeon.
You were not hungry.

You visited 1 branch of the dungeon, and saw 6 of its levels.
You also visited: Ossuary.

You collected 399 gold pieces.

Inventory:

Hand Weapons
 a - a +0 war axe (weapon)
Missiles
 d - 3 throwing nets (quivered)
Armour
 b - a +0 leather armour (worn)
 c - a +0 helmet (worn)
 h - a +0 pair of gloves of dexterity (worn)
Jewellery
 r - a +3 ring of slaying (left hand)
 v - a +5 amulet of reflection (around neck)
 y - an uncursed amulet of rage {unknown}
 D - an uncursed ring of magical power {unknown}
Scrolls
 e - 4 scrolls of fog
 j - 4 scrolls of amnesia
 k - 3 scrolls of fear
 m - 3 scrolls of remove curse
 n - 2 scrolls of enchant armour {unknown}
 q - a scroll of enchant weapon {unknown}
 s - 3 scrolls of teleportation
 t - a scroll of immolation {unknown}
 x - 3 scrolls of magic mapping {unknown}
 C - 2 scrolls of blinking {unknown}
Potions
 g - a potion of curing {unknown}
 i - 2 potions of flight
 l - a potion of invisibility
 o - a potion of resistance {unknown}
 p - 4 potions of might
 u - a potion of degeneration {unknown}
 z - 2 potions of heal wounds {unknown}
 A - a potion of mutation {unknown}
 B - 3 potions of brilliance {unknown}
Comestibles
 f - 8 rations
 w - 2 chunks of flesh


   Skills:
 + Level 3.2 Fighting
 - Level 10.0 Axes
 - Level 1.7 Throwing
 + Level 3.2 Dodging


You had 7 spell levels left.
You didn't know any spells.
Your spell library contained the following spells:

 Spells                   Type           Power        Failure   Level  Hunger
 Confusing Touch          Hex            #.....       41%         1    ##.....
 Magic Dart               Conj           #...         41%         1    ##.....
 Blink                    Tloc           N/A          56%         2    ###....
 Call Imp                 Summ           #.......     56%         2    ###....
 Slow                     Hex            #.......     56%         2    ###....
 Confuse                  Hex            #.......     80%         3    ####...
 Conjure Flame            Conj/Fire      #.......     80%         3    ####...
 Gell's Gravitas          Tloc           #.........   80%         3    ####...
 Mephitic Cloud           Conj/Pois/Air  #.......     80%         3    ####...
 Petrify                  Tmut/Erth      #.......     99%         4    #####..
 Metabolic Englaciation   Hex/Ice        #.........   100%        5    ######.
 Yara's Violent Unravell  Hex/Tmut       #.........   100%        5    ######.


Dungeon Overview and Level Annotations

Branches:
Dungeon (6/15)
 Temple: D:4-7

Altars:
Elyvilon
Okawaru

Shops:
D:4 =

Annotations:
D:3 1 runed translucent door


Innate Abilities, Weirdness & Mutations

You cannot wear boots.
Your serpentine skin is tough. (AC +2)
You have supernaturally acute eyesight. (SInv)
Armour fits poorly on your strangely shaped body.
Your system is resistant to poisons. (rPois)
You cover ground very slowly.
You have a slow metabolism.
You can spit poison.


Message History

You are too injured to fight recklessly!
You are too injured to fight recklessly!
You are too injured to fight recklessly!
The orc wizard shouts!
You hit the orc warrior but do no damage.
You hit the orc wizard.
You kill the orc wizard!
You slash the orc warrior!
The orc warrior is moderately wounded.
The orc warrior hits you with a +0 war axe!
The orc wizard mumbles some strange words.
The orc wizard flickers and vanishes for a moment.
You closely miss the orc warrior.
The orc warrior is moderately wounded.
The orc warrior hits you with a +0 war axe.
The orc wizard begins to cast a cantrip, but forgets the words!
You slash the orc warrior!
The orc warrior is severely wounded.
The orc warrior hits you with a +0 war axe!!
You die...

#.# #.# #.# #.# #.#
#.############ #.#
#..o.....)...# #.#
.....oo@).##.#####.#
#########.##.......#
#........### #
####.###.# #.# #.#
#.###.####
#.###....#....
#.##.##.###.##
#)#....## ##.#
#.##.##.###.##


You could see an orc warrior and 2 orc wizards.

Vanquished Creatures
  A wraith (Ossuary)
  2 phantoms
  An ice beast (D:5)
  An ogre (D:4)
  An orc warrior (D:5)
  2 bullfrogs
  A howler monkey (D:4)
  A crimson imp (D:3)
  A hound (D:5)
  A bullfrog skeleton (D:4)
  An orc priest (D:4)
  Jessica (D:3)
  2 iguanas
  4 orc wizards
  3 worker ants
  3 mummies (Ossuary)
  5 adders
  2 oozes
  An adder zombie (D:5)
  2 adder skeletons (D:4)
  2 worms
  A dart slug (D:3)
  3 leopard geckos
  10 orcs
  7 giant cockroaches
  2 gnoll zombies (Ossuary)
  8 goblins
  2 hobgoblins (D:3)
  9 jackals
  2 quokkas
  2 ball pythons (D:2)
  A ball python skeleton (D:6)
  6 bats
  10 frilled lizards
  3 goblin zombies (Ossuary)
  6 hobgoblin zombies (Ossuary)
  3 kobolds
  2 kobold zombies (Ossuary)
  12 rats
127 creatures vanquished.

Notes
Turn   | Place    | Note
-------+----------+-------------------------------------------
     0 | D:1      | Duffy the Naga Gladiator began the quest for the Orb.
     0 | D:1      | Reached XP level 1. HP: 19/19 MP: 1/1
   299 | D:1      | Reached XP level 2. HP: 26/26 MP: 2/2
   462 | D:1      | Reached skill level 4 in Axes
   486 | D:1      | Reached XP level 3. HP: 32/32 MP: 3/3
  1177 | D:2      | Noticed a bullfrog
  1184 | D:2      | Killed a bullfrog
  1184 | D:2      | Reached skill level 5 in Axes
  1184 | D:2      | Reached XP level 4. HP: 25/39 MP: 4/4
  1378 | D:2      | Reached XP level 5. HP: 41/45 MP: 5/5
  2005 | D:3      | Reached skill level 6 in Axes
  2033 | D:3      | Noticed a phantom
  2067 | D:3      | Killed a phantom
  2067 | D:3      | Reached XP level 6. HP: 35/52 MP: 6/6
  2097 | D:3      | Found a white marble altar of Elyvilon.
  2097 | D:3      | Noticed an angel
  2222 | D:3      | Reached skill level 7 in Axes
  2236 | D:3      | Found a runed translucent door.
  2298 | D:3      | Noticed Jessica
  2313 | D:3      | Killed Jessica
  3061 | D:4      | Reached XP level 7. HP: 38/60 MP: 7/7
  3196 | D:4      | Reached skill level 8 in Axes
  3596 | D:4      | Found an iron altar of Okawaru.
  3601 | D:4      | Found Oluetzur's Jewellery Emporium.
  4318 | D:5      | Entered Level 5 of the Dungeon
  4371 | D:5      | Reached skill level 9 in Axes
  4474 | D:5      | Found a sand-covered staircase.
  4483 | Ossuary  | Entered an ossuary
  4483 | Ossuary  | Noticed a wraith
  4483 | Ossuary  | Noticed a wraith
  4483 | Ossuary  | Noticed a wraith
  4518 | Ossuary  | Reached XP level 8. HP: 62/67 MP: 8/8
  4559 | Ossuary  | Noticed a wraith
  4573 | Ossuary  | Killed a wraith
  5571 | D:5      | Reached skill level 10 in Axes
  6018 | D:6      | Slain by an orc warrior

Levels and vault maps discovered:
D:1:      scummos_arrival_gate, layout_rooms, minmay_stone_trees_small,
          grunt_decor_fettered
D:2:      layout_basic
D:3:      layout_loops_ring, first_ration, lemuel_angel_altar, uniq_jessica
D:4:      kennysheep_six_static_rooms, layout_loops_ring,
          okawaru_ov_weapons_minmay, serial_shops, shop
D:5:      layout_rooms, enter_ossuary_1, corexii_item_surrounded_by_moat
D:6:      layout_loops_ring, minmay_temple_entry_junction
Ossuary:  ossuary_kennysheep_city_of_the_dead

Skill      XL: |  1  2  3  4  5  6  7  8 |
---------------+-------------------------+-----
Axes           | 4 5 6 7 9 10 | 10.0
Fighting       | 3 |  3.2
Dodging        | 3 |  3.2
Throwing       | |  1.7

Action                   |  1- 3 |  4- 6 |  7- 9 || total
-------------------------+-------+-------+-------++-------
Melee: War axe           |    87 |   117 |   170 ||   374
 Abil: Spit Poison       |     1 |     3 |       ||     4
  Use: Scroll            |       |     7 |     1 ||     8
  Eat: Chunk             |       |     5 |     5 ||    10
       Ration            |       |       |     1 ||     1
Armor: Leather armour    |    24 |    39 |    40 ||   103
Dodge: Dodged            |    73 |    69 |    66 ||   208
Block: Other             |       |       |    13 ||    13

Table legend:
 A = Non-vault XP
 B = Vault XP
 C = Vault XP percentage of total XP
 D = Non-vault monster count
 E = Vault monster count
 F = Vault count percentage of total count
                 A         B        C        D         E       F
            +---------+---------+-------+---------+---------+-------
      Total |    1563 |     363 |  18.8 |     106 |      19 |  15.2
            +---------+---------+-------+---------+---------+-------
        D:1 |      44 |       0 |   0.0 |      24 |       0 |   0.0
        D:2 |     181 |       0 |   0.0 |      23 |       0 |   0.0
        D:3 |     228 |      37 |  14.0 |      23 |       1 |   4.2
        D:4 |     389 |      50 |  11.4 |      17 |       3 |  15.0
        D:5 |     520 |       0 |   0.0 |      13 |       0 |   0.0
        D:6 |     201 |       0 |   0.0 |       6 |       0 |   0.0
    Ossuary |       0 |     276 | 100.0 |       0 |      15 | 100.0
            +---------+---------+-------+---------+---------+-------
